 Dungeon Crawl Stone Soup version 0.26.1-10-gdfb7c7de75 (webtiles) character file.

Game seed: 15122705549503011267

1357 GenialerGandalf the Shield-Bearer (level 8, -6/68 HPs)
             Began as a Hill Orc Fighter on Apr 2, 2021.
             Killed by nerve-wracking pain
             ... invoked by an orc priest
              (13 damage)
             ... on level 6 of the Dungeon.
             The game lasted 00:58:35 (8661 turns).

GenialerGandalf the Shield-Bearer (HOFi)            Turns: 8661, Time: 00:58:36

Health: -6/68      AC: 10    Str: 21    XL:     8   Next: 64%
Magic:  8/8        EV:  9    Int:  8    God:
Gold:   222        SH: 10    Dex: 10    Spells: 7/7 levels left

rFire    . . .     SeeInvis .   f - +0 club
rCold    . . .     Faith    .   c - +0 kite shield
rNeg     . . .     Spirit   .   b - +0 scale mail
rPois    .         Reflect  .   (no helmet)
rElec    .         Harm     .   (no cloak)
rCorr    .         Rampage  .   O - +0 pair of gloves
Will     .....                  h - +0 pair of boots
Stlth    ..........             (no amulet)
HPRegen  0.21/turn              (no ring)
MPRegen  0.11/turn              (no ring)

@: no status effects
A: no striking features
a: Convert to Beogh


You were on level 6 of the Dungeon.
You visited 1 branch of the dungeon, and saw 6 of its levels.

You collected 222 gold pieces.

Inventory:

Hand Weapons
 a - a +0 rapier
 f - a +0 club (weapon)
 n - a cursed -3 spear
 s - a +0 club
 t - a +2 mace of venom
 w - a +0 dagger
 z - a +0 club
 B - a +0 club
 F - a +0 shortbow
 G - a +0 morningstar
 I - a +0 hand axe
 J - a +0 club
 L - a +0 dagger
 M - a +0 whip
 P - a +0 dagger
 Q - a +0 dagger
 T - a +0 club
 W - a +0 club
 Y - a +0 club
Missiles
 e - 16 poisoned darts (quivered)
 g - 16 bolts
 i - 79 arrows
 j - 85 stones
 o - 81 sling bullets
 u - 6 javelins
 V - a throwing net
Armour
 b - a +0 scale mail (worn)
 c - a +0 kite shield (worn)
 h - a +0 pair of boots (worn)
 H - a +0 scale mail
 N - a +0 robe
 O - a +0 pair of gloves (worn)
 S - a +0 robe
 U - a +0 leather armour
 X - a +0 scale mail
 Z - a +0 robe
Wands
 R - a wand of random effects (5)
Scrolls
 l - a scroll of fog
 m - a scroll of enchant armour {unknown}
 p - 6 scrolls of identify {unknown}
 q - 2 scrolls of remove curse {unknown}
 y - a scroll of teleportation {unknown}
 D - 2 scrolls of amnesia {unknown}
 E - 2 scrolls of immolation {unknown}
Potions
 d - a potion of might
 k - a potion of haste {unknown}
 r - 3 potions of flight {unknown}
 v - a potion of berserk rage {unknown}
 x - a potion of brilliance {unknown}
 A - a potion of invisibility {unknown}
 C - 2 potions of degeneration {unknown}
 K - a potion of attraction {unknown}


   Skills:
 + Level 5.3 Fighting
 + Level 6.0 Short Blades
 + Level 1.1 Maces & Flails
 + Level 6.2 Armour
 + Level 2.2 Dodging
 + Level 0.5 Stealth
 + Level 6.4 Shields
 + Level 0.1 Unarmed Combat


You had 7 spell levels left.
You didn't know any spells.
Your spell library was empty.

Dungeon Overview and Level Annotations

Branches:
Dungeon (6/15)             Temple (0/1) D:4

Altars:
Hepliaklqana
Wu Jian
Xom

Shops:
D:4 !


Message History

The orc hits you but does no damage.
The orc priest shouts!
An orc wizard comes into view. It is wielding a +0 dagger.
The orc wizard shouts!
You hear a shout!
The orc closely misses you. You block the orc's attack.
The orc wizard gestures at itself while chanting.
The orc wizard flickers and vanishes!
Deactivating autopickup; reactivate with Ctrl-A.
You block the orc's attack.
The orc priest invokes the aid of Beogh against you.
Beogh smites you!
* * * LOW HITPOINT WARNING * * *
The orc priest shouts, "Beogh is our master!
Accept the truth or die!"
Something tries to affect you, but you resist.
As you read the scroll labelled COECWEHUOHA, it crumbles to dust.
The scroll dissolves into smoke.
It was a scroll of fog.
You block the orc's attack.
The orc priest calls down the wrath of Beogh upon you.
Pain shoots through your body!
You die...

.................#.#≈≈≈#
.......oZ..........#...#
......o.o...........††##
....###§##+#######....# . ..
#§#§§§## #.....# #.# #§o§§§.#
#...#.# ..# ##oo...# ##...#.# ..#
#§§§..# #....#.# ..# #§§@.##
#...†#.##### ..# #§§§##
#....#...... ..# #§§#
#.#'###.##### ..# ..# #.#†# #.#
#. ..# ####># ##.#.###.####.
..###########.##.# #.............
..............##.####.#.###....#.
..###########................#.#.
..# #.##.####........#.#.


You could see an orc priest and an orc.

Vanquished Creatures
  Sigmund (D:3)
  2 sky beasts (D:5)
  A necrophage (D:6)
  2 ogres (D:5)
  A centaur (D:5)
  A scorpion (D:4)
  A howler monkey (D:5)
  A centaur zombie (D:6)
  4 hounds
  2 orc wizards
  Jessica (D:3)
  Ijyb (D:5)
  An iguana (D:6)
  3 worker ants
  A hound zombie (D:5)
  3 gnolls
  9 adders
  An ufetubus (D:5)
  9 leopard geckos
  14 orcs
  6 giant cockroaches
  7 goblins
  8 hobgoblins
  17 jackals
  4 quokkas
  A ball python (D:2)
  2 ball python skeletons
  9 bats
  A frilled lizard (D:3)
  A jackal skeleton (D:6)
  4 kobolds
  7 rats
126 creatures vanquished.

Notes
Turn   | Place    | Note
-------+----------+-------------------------------------------
     0 | D:1      | GenialerGandalf the Hill Orc Fighter began the quest for
                  | the Orb.
     0 | D:1      | Reached XP level 1. HP: 19/19 MP: 1/1
   702 | D:1      | Reached XP level 2. HP: 27/27 MP: 2/2
  1353 | D:1      | Reached XP level 3. HP: 32/33 MP: 3/3
  2003 | D:2      | Reached skill level 1 in Dodging
  2003 | D:2      | Reached XP level 4. HP: 40/40 MP: 4/4
  2806 | D:2      | Reached XP level 5. HP: 17/46 MP: 5/5
  3178 | D:3      | Noticed Sigmund
  3193 | D:3      | Killed Sigmund
  3194 | D:3      | Reached XP level 6. HP: 40/53 MP: 6/6
  3429 | D:3      | Noticed Jessica
  3468 | D:3      | Killed Jessica
  4169 | D:3      | Found a shimmering altar of Xom.
  4301 | D:3      | Reached skill level 5 in Shields
  4648 | D:4      | Reached XP level 7. HP: 46/60 MP: 7/7
  5053 | D:4      | Found a staircase to the Ecumenical Temple.
  5275 | D:4      | Found an ornate altar of the Wu Jian Council.
  5740 | D:4      | Reached skill level 5 in Armour
  5834 | D:4      | Found Sudunit's Distillery.
  5945 | D:4      | Found a hazy altar of Hepliaklqana.
  6117 | D:5      | Entered Level 5 of the Dungeon
  6170 | D:5      | Reached skill level 5 in Short Blades
  6297 | D:5      | Reached skill level 5 in Fighting
  6297 | D:5      | Reached XP level 8. HP: 34/68 MP: 8/8
  6564 | D:5      | Noticed Ijyb
  6579 | D:5      | Killed Ijyb
  8466 | D:6      | Found a glowing drain.
  8549 | D:6      | Reached skill level 1 in Maces & Flails
  8661 | D:6      | Killed from afar by an orc priest

Illustrated notes

Levels and vault maps discovered:
D:1:      heliophobic_arrival_glass_houses, layout_rooms, serial_curves,
          eino_curves_02, eino_curves_04, eino_curves_01, eino_curves_04,
          grunt_decor_clamped, chequers_garden, minivault_14,
          minmay_misc_feat_diagonals, hangedman_decor_clover_reticule
D:2:      layout_loops_ring
D:3:      layout_loops_ring, general_overflow_altar, uniq_jessica, uniq_sigmund
D:4:      layout_basic, nzn_hepliaklqana_mist_gate, old_standard_altar,
          temple_hall, serial_shops, nicolae_shop_behind_doors
D:5:      layout_loops_corners, uniq_ijyb
D:6:      layout_basic, chequers_temple_overflow_minitemple,
          portal_sewer_entry_f, minmay_hedge_maze, uniq_duvessa

Skill      XL: |  1  2  3  4  5  6  7  8 |
---------------+-------------------------+-----
Dodging        | 1 2 |  2.2
Shields        | 4 5 6 |  6.4
Armour         | 4 5 6 |  6.2
Fighting       | 4 5 |  5.3
Short Blades   | 3 4 5 6 |  6.0
Maces & Flails | 1 |  1.1
Stealth        | |  0.5
Unarmed Combat | |  0.1

Action                   |  1- 3 |  4- 6 |  7- 9 || total
-------------------------+-------+-------+-------++-------
Melee: Rapier            |   126 |   224 |   206 ||   556
       Club              |       |       |   139 ||   139
       Unarmed           |       |       |     4 ||     4
  Use: Scroll            |       |       |     1 ||     1
Armor: Scale mail        |    97 |   108 |   159 ||   364
Dodge: Dodged            |    78 |    91 |   128 ||   297
Block: Kite shield       |   121 |   142 |   213 ||   476
